 Dungeon Crawl Stone Soup version 0.18.1-5-g4a78601 (webtiles) character file.

3370 imganon the Cleaver (level 9, 0/63 HPs)
             Began as a Demonspawn Berserker on May 13, 2016.
             Was a High Priest of Trog.
             Killed from afar by a raiju (1 damage)
             ... with a living lightning
             ... on level 1 of the Abyss.
             The game lasted 00:13:13 (7709 turns).

imganon the Cleaver (Demonspawn Berserker)          Turns: 7709, Time: 00:13:14

Health: 0/63       AC: 13    Str: 20    XL:     9   Next: 73%
Magic:  9/9        EV:  7    Int:  8    God:    Trog [*****.]
Gold:   74         SH:  0    Dex: 14    Spells: 0 memorised, 8 levels left

rFire  . . .     SeeInvis +     a - +0 hand axe
rCold  . . .     Gourm    .     D - +1 chain mail of Zunik {-Cast rN++}
rNeg   + + .     Faith    .     (no shield)
rPois  .         Spirit   .     (helmet restricted)
rElec  .         Dismiss  .     (no cloak)
rCorr  .         Reflect  .     (no gloves)
SustAt .         Harm     .     C - +0 pair of boots {run}
MR     .....     NoCast   +     (no amulet)
Stlth  ..........               (no ring)
                                d - ring of see invisible

@: quick, not resistant to hostile enchantments, extremely unstealthy
A: antennae 1, molten scales 2, demonic guardian 1, spiny 1
a: Berserk, Trog's Hand, Brothers in Arms, Burn Spellbooks, Renounce Religion


You were on level 1 of the Abyss.
You worshipped Trog.
Trog was extremely pleased with you.
You were not hungry.

You visited 1 branch of the dungeon, and saw 8 of its levels.
You visited the Abyss 1 time.
You also visited: Ossuary.

You collected 477 gold pieces.
You spent 403 gold pieces at shops.

Inventory:

Hand Weapons
 a - a +0 hand axe (weapon)
Armour
 C - a +0 pair of boots of running (worn)
 D - the +1 chain mail of Zunik (worn) {-Cast rN++}
   (You took it off an orc on level 7 of the Dungeon)

   It greatly protects you from negative energy.
   It prevents spellcasting.
Jewellery
 d - a ring of see invisible (left hand)
 v - an uncursed amulet of the gourmand {unknown}
Wands
 o - a wand of iceblast (9/15)
 B - a wand of iceblast (5/15)
Scrolls
 f - 9 scrolls of teleportation {unknown}
 g - 2 scrolls of random uselessness {unknown}
 i - 3 scrolls of magic mapping {unknown}
 j - 3 scrolls of remove curse {unknown}
 k - a scroll of amnesia {unknown}
 l - 9 scrolls of identify
 q - 3 scrolls of enchant armour {unknown}
 y - a scroll of blinking {unknown}
 z - a scroll of noise {unknown}
Potions
 b - 2 potions of lignification {unknown}
 e - 7 potions of curing
 h - 2 potions of agility
 r - a potion of cancellation {unknown}
 t - a potion of cure mutation {unknown}
 u - 5 potions of haste {unknown}
 w - 7 potions of heal wounds
 x - a potion of flight {unknown}
 A - a potion of magic {unknown}
Comestibles
 c - 3 bread rations
 m - 5 meat rations
 p - 3 beef jerkies
 s - a royal jelly


   Skills:
 - Level 3.0 Fighting
 + Level 12.6 Axes
 - Level 1.7 Armour
 - Level 1.7 Dodging


You had 8 spell levels left.
You didn't know any spells.

Dungeon Overview and Level Annotations

Branches:
Dungeon (8/15)             Temple (0/1) D:4
   Lair: D:8-11

Altars:
Cheibriados
Dithmenos
Elyvilon
Fedhas
Kikubaaqudgha
Makhleb
Nemelex Xobeh
Okawaru
Pakellas
Qazlal
Ru
Yredelemnul
The Shining One

Shops:
D:4 !   D:5 [   D:7 ?

Annotations:
D:8 Erolcha


Innate Abilities, Weirdness & Mutations

You have a pair of small antennae on your head.
You are mostly covered in molten scales (AC +3, EV -1).
A weak demonic guardian rushes to your aid.
You are partially covered in sharp spines.


Message History

The raiju blinks! x4
Found a bread ration.
A raiju comes into view.
The raiju barks!
Unknown command.
The raiju bursts into living lightning!
The living lightning hits you!
The living lightning hits the raiju.
The raiju completely resists.
The raiju blinks! x2
The raiju bursts into living lightning!
The living lightning hits you!
* * * LOW HITPOINT WARNING * * *
The raiju blinks!
Unknown command.
You slash the raiju!
The raiju is lightly wounded.
You hit the raiju.
The raiju is lightly wounded.
The raiju bursts into living lightning!
The living lightning hits you!
You die...

## . . .. #. .... #.#
#..#. ..# #....# ..
#..#h#{.# #§..#.# # .
.#.##h#.@## #.#.# ##
......x#hh# ##. ..#...
...#..5### #.##.u#u.#
##..#%#.. #...#..u #...#
.5#. .... .# .
....##.#.##...#.#... . #
#.#.#§.#........u.......
. #....#....##.### .#..
. #..# # #.#.#..# .#. ..


You could see 3 raiju, a small abomination and a friendly crimson imp.

Vanquished Creatures
  2 ice beasts
  2 phantoms
  A sky beast (D:7)
  4 ogres
  A necrophage (D:7)
  4 centaurs
  3 big kobolds (D:4)
  2 giant frogs (D:7)
  2 jellies
  A howler monkey (D:5)
  6 wights
  4 centaur zombies (Ossuary)
  A crimson imp (D:7)
  A giant frog zombie (D:7)
  3 orc priests
  4 hounds
  A giant frog skeleton (D:7)
  5 orc wizards
  Ijyb (D:2)
  4 worker ants
  3 big kobold zombies (Ossuary)
  2 hound zombies
  2 hound skeletons (D:5)
  4 mummies (Ossuary)
  A howler monkey skeleton (D:7)
  10 gnolls (D:4)
  6 adders
  3 shadow imps
  3 oozes
  An adder skeleton (D:4)
  A worm (D:4)
  A dart slug (D:1)
  2 giant geckos
  26 orcs
  9 bats
  5 giant cockroaches
  33 goblins
  31 hobgoblins
  4 jackals (D:3)
  4 quokkas
  2 ball pythons
  A giant cockroach zombie (D:6)
  5 giant newts
  2 hobgoblin zombies (Ossuary)
  7 kobolds
  3 rats
223 creatures vanquished.

Vanquished Creatures (collateral kills)
  Grinder (D:4)
  A centaur (D:5)
  A big kobold (D:4)
  An iguana (D:4)
  A gnoll (D:4)
5 creatures vanquished.

Grand Total: 228 creatures vanquished

Notes
Turn   | Place    | Note
--------------------------------------------------------------
     0 | D:1      | imganon the Demonspawn Berserker began the quest for the Orb.
     0 | D:1      | Reached XP level 1. HP: 18/18 MP: 1/1
     2 | D:1      | Noticed an octopode
     4 | D:1      | Noticed a formicid
     4 | D:1      | Noticed an elf
     6 | D:1      | Noticed a felid
     6 | D:1      | Noticed an ogre
     8 | D:1      | Noticed a demigod
     8 | D:1      | Noticed a naga
    10 | D:1      | Noticed a troll
    10 | D:1      | Noticed a merfolk
    12 | D:1      | Noticed a gargoyle
    12 | D:1      | Noticed a vine stalker
    14 | D:1      | Noticed a ghoul
    16 | D:1      | Noticed a draconian
    16 | D:1      | Noticed a vampire
    18 | D:1      | Noticed a dwarf
    18 | D:1      | Noticed a spriggan
    22 | D:1      | Noticed a tengu
    22 | D:1      | Noticed a centaur
    24 | D:1      | Noticed a human
    24 | D:1      | Noticed a halfling
    26 | D:1      | Noticed a minotaur
    26 | D:1      | Noticed a demonspawn
    83 | D:1      | Reached skill level 3 in Axes
   131 | D:1      | Gained mutation: A weak demonic guardian rushes to your aid. [demonic ancestry]
   131 | D:1      | Reached XP level 2. HP: 19/24 MP: 2/2
   858 | D:2      | Noticed Ijyb
   871 | D:2      | HP: 1/24 [Ijyb (4)]
   875 | D:2      | Killed Ijyb
   875 | D:2      | Reached skill level 4 in Axes
   875 | D:2      | Gained mutation: You are partially covered in molten scales (AC +1). [demonic ancestry]
   875 | D:2      | Reached XP level 3. HP: 2/29 MP: 3/3
   957 | D:2      | Found a faded altar to an unknown god.
  1282 | D:2      | Reached ** piety under Trog
  1544 | D:2      | Gained mutation: You are mostly covered in molten scales (AC +3, EV -1). [demonic ancestry]
  1544 | D:2      | Reached XP level 4. HP: 34/35 MP: 4/4
  2179 | D:3      | Reached skill level 5 in Axes
  2194 | D:3      | Reached XP level 5. HP: 36/41 MP: 5/5
  2713 | D:4      | Noticed an ogre
  2718 | D:4      | Killed an ogre
  2718 | D:4      | Reached skill level 6 in Axes
  2923 | D:4      | Found a staircase to the Ecumenical Temple.
  2931 | D:4      | Noticed Grinder
  2936 | D:4      | Reached XP level 6. HP: 47/47 MP: 6/6
  2948 | D:4      | Killed Grinder
  2948 | D:4      | Reached skill level 7 in Axes
  3032 | D:4      | Gained mutation: You are partially covered in sharp spines. [demonic ancestry]
  3032 | D:4      | Reached XP level 7. HP: 38/52 MP: 7/7
  3131 | D:4      | Reached *** piety under Trog
  3333 | D:4      | Reached **** piety under Trog
  3546 | D:4      | Reached skill level 8 in Axes
  3571 | D:4      | Reached skill level 9 in Axes
  3571 | D:4      | Gained mutation: You have a pair of small antennae on your head. [demonic ancestry]
  3571 | D:4      | Reached XP level 8. HP: 50/58 MP: 8/8
  4007 | D:4      | Reached ***** piety under Trog
  4016 | D:4      | Found Kayffeq's Distillery.
  4021 | D:4      | Bought a potion of degeneration for 12 gold pieces
  4021 | D:4      | Bought a potion of heal wounds for 60 gold pieces
  4021 | D:4      | Bought a potion of curing for 36 gold pieces
  4277 | D:5      | Entered Level 5 of the Dungeon
  4333 | D:5      | Found a stormy altar of Qazlal.
  4335 | D:5      | Found a white marble altar of Elyvilon.
  4339 | D:5      | Found a sacrificial altar of Ru.
  4340 | D:5      | Found a shadowy altar of Dithmenos.
  4344 | D:5      | Found a snail-covered altar of Cheibriados.
  4348 | D:5      | Found an oddly glowing altar of Pakellas.
  4627 | D:5      | Found a burning altar of Makhleb.
  4842 | D:5      | Reached skill level 10 in Axes
  5133 | D:5      | Found Iwnot's Antique Armour Boutique.
  5136 | D:5      | Bought a pair of embroidered boots for 112 gold pieces
  5599 | D:6      | Found a sparkling altar of Nemelex Xobeh.
  5664 | D:6      | Found a glowing golden altar of the Shining One.
  5673 | D:6      | Found a basalt altar of Yredelemnul.
  5695 | D:6      | Reached skill level 11 in Axes
  5702 | D:6      | Found a blossoming altar of Fedhas.
  5702 | D:6      | Found an ancient bone altar of Kikubaaqudgha.
  5776 | D:6      | Reached XP level 9. HP: 63/63 MP: 9/9
  6524 | D:6      | Noticed an angel
  6602 | D:5      | Bought a pair of glowing boots for 112 gold pieces
  6612 | D:5      | Identified a +0 pair of boots of running (You bought it in a shop on level 5 of the Dungeon)
  6797 | D:7      | Found a sand-covered staircase.
  6805 | Ossuary  | Entered an ossuary
  7068 | Ossuary  | Reached skill level 12 in Axes
  7170 | D:7      | Got a scorched chain mail
  7185 | D:7      | Identified the +1 chain mail of Zunik {-Cast rN++} (You took it off an orc on level 7 of the Dungeon)
  7196 | D:7      | Found Mecook's Magic Scroll Emporium.
  7203 | D:7      | Bought a scroll of immolation for 45 gold pieces
  7203 | D:7      | Bought a scroll of identify for 26 gold pieces
  7383 | D:7      | Found an iron altar of Okawaru.
  7598 | D:8      | Noticed Erolcha
  7617 | D:8      | Cast into level 1 of the Abyss (Erolcha)
  7660 | Abyss:1  | Found a corrupted altar of Lugonu.
  7701 | Abyss:1  | Noticed a red very ugly thing
  7701 | Abyss:1  | Noticed a red very ugly thing
  7701 | Abyss:1  | Noticed a red ugly thing
  7701 | Abyss:1  | Noticed a red very ugly thing
  7708 | Abyss:1  | HP: 1/63 [raiju/living lightning (20)]
  7709 | Abyss:1  | Killed from afar by a raiju

Skill      XL: |  1  2  3  4  5  6  7  8  9 |
---------------+----------------------------+-----
Axes           | 3 4 5 6 7 9 11 12 | 12.6
Fighting       | |  3.0
Armour         | |  1.7
Dodging        | |  1.7

Action                   |  1- 3 |  4- 6 |  7- 9 || total
-------------------------+-------+-------+-------++-------
Melee: Hand axe          |   107 |   148 |   505 ||   760
Invok: Berserk           |     1 |     3 |     1 ||     5
  Use: Potion            |       |       |     1 ||     1
 Stab: Sleeping          |     1 |       |       ||     1
       Distracted        |       |       |     2 ||     2
  Eat: Chunk             |     3 |     7 |     9 ||    19
       Fruit             |       |     1 |     3 ||     4
       Bread ration      |       |       |     1 ||     1
Armor: Animal skin       |    22 |       |       ||    22
       Scale mail        |     3 |    82 |   127 ||   212
       Chain mail        |       |       |    37 ||    37
Dodge: Dodged            |    65 |    80 |   135 ||   280
